 Dungeon Crawl Stone Soup version 0.29.1-1-gd02db6906a (webtiles) character file.

Game seed: 662399401430086454

491 xian the Caller (level 6, -6/64 HPs)
             Began as a Demonspawn Summoner on Sept 28, 2022.
             Killed from afar by Blork the orc (8 damage)
             ... with a magic dart
             ... on level 4 of the Dungeon.
             The game lasted 00:10:34 (3210 turns).

xian the Caller (Demonspawn Summoner)               Turns: 3210, Time: 00:10:37

Health: -6/64      AC:  6    Str:  9    XL:     6   Next: 91%
Magic:  7/12       EV: 12    Int: 24    God:
Gold:   171        SH:  0    Dex: 13    Spells: 7/13 levels left

rFire   . . .      SeeInvis .   k - +0 dagger (elec)
rCold   . . .      Faith    .   (no shield)
rNeg    . . .      Spirit   .   a - +0 robe
rPois   .          Reflect  .   (no helmet)
rElec   .          Harm     .   s - +0 cloak
rCorr   .          Rampage  .   m - +0 pair of gloves
Will    .....                   j - +0 pair of boots
Stlth   ..........              (no amulet)
HPRegen 0.20/turn               l - +6 ring of intelligence
MPRegen 0.13/turn               d - ring of flight

@: berserking, flying, very quick
A: rugged brown scales 1, condensation shield
a: no special abilities


You were on level 4 of the Dungeon.
You visited 1 branch of the dungeon, and saw 4 of its levels.

You collected 171 gold pieces.

Inventory:

Hand Weapons
 k - a +0 dagger of electrocution (weapon)
Armour
 a - a +0 robe (worn)
 j - a +0 pair of boots (worn)
 m - a +0 pair of gloves (worn)
 s - a +0 cloak (worn)
Jewellery
 d - a ring of flight (right hand)
 l - a +6 ring of intelligence (left hand)
Wands
 y - a wand of polymorph (2)
 z - a wand of flame (39)
Scrolls
 e - a scroll of magic mapping
 f - 2 scrolls of enchant weapon
 h - 2 scrolls of vulnerability
 i - a scroll of enchant armour
 n - a scroll of blinking
 o - a scroll of teleportation {unknown}
 t - 2 scrolls of amnesia {unknown}
 v - a scroll of identify
Potions
 b - 2 potions of magic
 c - 3 potions of attraction
 p - a potion of heal wounds {unknown}
 q - a potion of might {unknown}
 r - a potion of curing {unknown}
 u - a potion of invisibility {unknown}
 w - 2 potions of experience {unknown}
 x - a potion of flight {unknown}
 A - 2 potions of lignification {unknown}


   Skills:
 + Level 0.9 Fighting
 + Level 1.3 Short Blades
 + Level 2.8 Dodging
 + Level 2.7 Stealth
 + Level 0.6 Shields
 + Level 4.2 Spellcasting
 + Level 5.8 Summonings


You had 7 spell levels left.
You knew the following spells:

 Your Spells              Type           Power      Damage    Failure   Level
a - Summon Small Mammal   Summ           100%       N/A       1%          1
b - Call Imp              Summ           32%        N/A       1%          2
c - Call Canine Familiar  Summ           32%        N/A       2%          3

Your spell library contained the following spells:

 Spells                   Type           Power      Damage    Failure   Level
 Summon Guardian Golem    Hex/Summ       19%        N/A       9%          3
 Blink                    Tloc           10%        N/A       14%         2
 Lesser Beckoning         Tloc           5%         N/A       28%         3
 Summon Lightning Spire   Summ/Air       19%        N/A       28%         4
 Manifold Assault         Tloc           5%         N/A       95%         5


Dungeon Overview and Level Annotations

Branches:
Dungeon (4/15)
 Temple: D:4-7

Altars:

Annotations:
D:4 Blork the orc, Robin


Innate Abilities, Weirdness & Mutations

You are partially covered in rugged brown scales. (AC +1, +3% HP)
A meltable shield of frost defends you. (SH +0)


Message History

The goblins go into a battle-frenzy!
Cast which spell? (? or * to list)
Okay, then.
The goblin attacks as you move away! You block the goblin's attack.
Your quokka bites the hobgoblin.
The hobgoblin dies!
Your hound barely misses Robin.
Robin hits your hound with a +0 spear!
Things that are here:
a +0 dagger; a scroll labelled BIRAOL DANIHIA; a goblin corpse The goblin attacks as you move away!
The goblin misses you.
Blork the orc hits your quokka with a +0 mace of protection!
Your quokka dies!
Your quokka's corpse disappears in a puff of smoke!
Your hound bites the goblin.
The goblin dies!
Cast which spell? (? or * to list)
A shadowy apparition takes form in the air.
Blork the orc screams, "I'll decorate my home with your organs!"
Blork the orc casts a spell at you. The puff of flame hits you.
Your condensation shield dissipates!
* * * LOW HITPOINT WARNING * * *
Your hound barely misses Robin.
Blork the orc hits you but does no damage.
Your hound bites Robin.
Casting: Call Imp (safe; 1% risk of failure)
Confirm with . or Enter, or press ? or * to list all spells.
Blork the orc hits you with a +0 mace of protection.
* * * LOW HITPOINT WARNING * * *
Your hound bites Robin.
Your shadow imp barely misses Blork the orc.
Robin completely misses you.
A red film seems to cover your vision as you go berserk!
You feel yourself moving faster!
You feel mighty!
Blork the orc hits you with a +0 mace of protection!
* * * LOW HITPOINT WARNING * * *
Your hound barely misses Robin.
Blork the orc points at you and mumbles some strange words.
The magic dart hits you!
You die...

#..#.........
#..#.........
##.#.........
##...#.†......
.###......)......
........h)#..#...
.......r)g# .#
........5o# #
.#....###..#.@#
..... ##..#.#
..... ##...#
...... #.##.#
#..... ##.##...
#....###.###....#
# #.....#..#
###.... ###
#...># .....
.##.. ##.##...#
..#..


You could see Blork the orc (fast, ally target), Robin (ally target), a friendly
hound (summoned), a friendly shadow imp (summoned) and a friendly rat
(summoned).

Vanquished Creatures
  Grinder (D:3)
  Terence (D:3)
  Jessica (D:3)
  Ijyb (D:3)
  Natasha (twice) (D:3)
  A worm (D:2)
  4 ball pythons
  2 endoplasms
  3 goblins
  4 hobgoblins
  7 jackals
  A kobold (D:2)
  3 frilled lizards
  A rat (D:1)
32 creatures vanquished.

Vanquished Creatures (collateral kills)
  A necrophage (D:4)
  Natasha (D:3)
  An adder (D:4)
  A worm (D:2)
  A dart slug (D:1)
  3 ball pythons
  3 endoplasms
  4 giant cockroaches
  9 goblins
  4 hobgoblins
  3 jackals (D:2)
  4 kobolds (D:1)
  A quokka (D:2)
  A bat (D:1)
  2 frilled lizards
  2 rats (D:1)
41 creatures vanquished.

Grand Total: 73 creatures vanquished

Notes
Turn   | Place    | Note
-------+----------+-------------------------------------------
     0 | D:1      | xian the Demonspawn Summoner began the quest for the Orb.
     0 | D:1      | Reached XP level 1. HP: 13/13 MP: 3/3
   266 | D:1      | Gained mutation: You are partially covered in rugged brown
                  | scales. (AC +1, +3% HP) [demonic ancestry]
   266 | D:1      | Reached XP level 2. HP: 4/19 MP: 1/5
  1004 | D:2      | Reached XP level 3. HP: 16/24 MP: 4/6
  1377 | D:2      | Found a faded altar of an unknown god.
  1418 | D:2      | Learned a level 2 spell: Call Imp
  1422 | D:2      | Learned a level 3 spell: Call Canine Familiar
  1708 | D:3      | Noticed Natasha
  1713 | D:3      | Killed Natasha
  1714 | D:3      | Reached XP level 4. HP: 30/30 MP: 4/8
  1724 | D:3      | Noticed Terence
  1739 | D:3      | Killed Terence
  1740 | D:3      | Reached skill level 5 in Summonings
  1862 | D:3      | Noticed Natasha
  1867 | D:3      | Killed Natasha
  2162 | D:3      | Gained mutation: A meltable shield of frost defends you.
                  | (SH +0) [demonic ancestry]
  2162 | D:3      | Reached XP level 5. HP: 37/37 MP: 4/9
  2384 | D:3      | Noticed Ijyb
  2458 | D:3      | Killed Ijyb
  2621 | D:3      | Noticed Jessica
  2631 | D:3      | Killed Jessica
  2660 | D:3      | Noticed Grinder
  2661 | D:3      | Paralysed by Grinder for 3 turns
  2673 | D:3      | Paralysed by Grinder for 4 turns
  2678 | D:3      | Killed Grinder
  2679 | D:3      | Reached skill level 1 in Short Blades
  2679 | D:3      | Reached XP level 6. HP: 26/43 MP: 8/12
  2880 | D:3      | Noticed Natasha
  2884 | D:3      | Killed Natasha
  3186 | D:4      | Noticed Robin
  3192 | D:4      | Noticed Blork the orc
  3210 | D:4      | HP: 2/64 [Blork the orc/+0 mace of protection (8)]
  3210 | D:4      | Killed from afar by Blork the orc

Illustrated notes

Levels and vault maps discovered:
D:1:      minmay_arrival_solitary_statue, layout_rooms, serial_bayou_pond_d
D:2:      layout_rooms, shapermc_ecumenical_altar_venn
D:3:      layout_loops_ring, wad_floor_pattern_untrapped,
          minmay_fractal_squares_5, uniq_terence, uniq_natasha, uniq_jessica,
          uniq_ijyb, uniq_grinder
D:4:      layout_layer_cave, trog_hazing_becter,
          hangedman_abyss_or_decor_stagger, kennysheep_generic_room_6,
          uniq_duvessa, uniq_blork_the_orc, uniq_robin

Skill      XL: |  1  2  3  4  5 |
---------------+----------------+-----
Dodging        | 2 |  2.8
Spellcasting   | 3 4 |  4.2
Summonings     | 5 |  5.8
Stealth        | 2 |  2.7
Short Blades   | 1 |  1.3
Fighting       | |  0.9
Shields        | |  0.6

Action                   |  1- 3 |  4- 6 || total
-------------------------+-------+-------++-------
Melee: Club              |    11 |       ||    11
       Unarmed           |     5 |       ||     5
       Dagger            |    41 |    75 ||   116
       Punch             |       |     1 ||     1
 Cast: Summon Small Mamm |    40 |     8 ||    48
       Call Canine Famil |     1 |     9 ||    10
       Call Imp          |       |     7 ||     7
  Use: Scroll            |     7 |       ||     7
       Potion            |       |     1 ||     1
 Stab: Sleeping          |     1 |     1 ||     2
       Distracted        |     1 |     1 ||     2
Armor: Robe              |    23 |    29 ||    52
Dodge: Dodged            |    63 |    32 ||    95
Block: Other             |       |    11 ||    11
